 Dungeon Crawl Stone Soup version 0.29-a0-22-gbf593b16ee (webtiles) character file.

Game seed: 14967551601741974938

101 issech the Cudgeller (level 4, 0/45 HPs)
             Began as a Troll Monk on Jan 29, 2022.
             Killed by divine providence
             ... invoked by an orc priest
              (10 damage)
             ... on level 3 of the Dungeon.
             The game lasted 00:12:14 (2190 turns).

issech the Cudgeller (Troll Monk)                   Turns: 2190, Time: 00:12:15

Health: 0/45       AC:  4    Str: 19    XL:     4   Next: 48%
Magic:  3/3        EV: 11    Int:  6    God:
Gold:   79         SH:  0    Dex: 20    Spells: 3/3 levels left

rFire   . . .      SeeInvis .   a - +0 mace
rCold   . . .      Faith    .   (no shield)
rNeg    . . .      Spirit   .   b - +0 robe
rPois   .          Reflect  .   (helmet restricted)
rElec   .          Harm     .   (no cloak)
rCorr   .          Rampage  .   (gloves unavailable)
Will    .....                   (boots unavailable)
Stlth   ++........              (no amulet)
HPRegen 0.95/turn               p - +6 ring of dexterity
MPRegen 0.08/turn               r - ring of flight

@: flying
A: large, unfitting armour, claws 3, regeneration 1, shaggy fur 1, tough skin 1
a: no special abilities


You were on level 3 of the Dungeon.
You visited 1 branch of the dungeon, and saw 3 of its levels.

You collected 79 gold pieces.

Inventory:

Hand Weapons
 a - a +0 mace (weapon)
Missiles
 d - 20 arrows
 e - 35 stones (quivered)
 f - 77 bolts
 s - 22 sling bullets
Armour
 b - a +0 robe (worn)
Magical Staves
 l - a staff of fire
 o - a staff of conjuration
Jewellery
 p - a +6 ring of dexterity (left claw)
 r - a ring of flight (right claw)
Scrolls
 c - 2 scrolls of magic mapping {unknown}
 h - a scroll of teleportation {unknown}
 j - 2 scrolls of vulnerability {unknown}
 k - a scroll of immolation {unknown}
 t - 3 scrolls of amnesia {unknown}
 u - a scroll of fear {unknown}
Potions
 g - a potion of heal wounds {unknown}
 i - a potion of flight {unknown}
 m - a potion of degeneration {unknown}
 n - 3 potions of brilliance {unknown}
 q - a potion of curing {unknown}
 v - a potion of lignification {unknown}


   Skills:
 + Level 3.0 Fighting
 + Level 3.7 Maces & Flails
 + Level 3.1 Dodging
 + Level 1.1 Stealth


You had 3 spell levels left.
You didn't know any spells.
Your spell library was empty.

Dungeon Overview and Level Annotations

Branches:
Dungeon (3/15)

Altars:

Shops:
D:1 *   D:2 =

Annotations:
D:3 Pargi


Innate Abilities, Weirdness & Mutations

You are too large for most types of armour.
You have claws for hands.
Your natural rate of healing is unusually fast.
You are covered in fur. (AC +1)
You have tough skin. (AC +1)


Message History

Pargi barely misses you. Pargi bites you. Pargi claws you.
Pargi completely misses you.
Pargi looks around nervously.
Pargi looks around nervously.
There is a stone staircase leading down here.
Pargi barely misses you. Pargi closely misses you. Pargi barely misses you.
Pargi snarls, "My home!
Leave!"
Pargi closely misses you. Pargi claws you but does no damage. Pargi claws you.
Pargi hisses, "I bite!"
An orc comes into view. It is wielding a +0 mace of protection.
The orc moves out of view.
Pargi clenches his claws.
An orc priest comes into view. It is wielding a +0 club.
The orc shouts!
The orc priest shouts!
The orc priest shouts!
The orc priest calls down the wrath of Beogh upon you.
Pain shoots through your body!
The orc priest looks encouraged for a moment.
The orc priest looks satisfied for a moment.
The orc priest invokes the aid of Beogh against you.
You barely resist.
The orc priest hits you but does no damage.
The orc priest calls down the wrath of Beogh upon you.
Beogh smites you!
You hit the orc.
The orc is almost dead.
The orc hits you with a +0 hand axe. The orc priest misses you.
The orc hits you with a +0 hand axe.
The orc priest mumbles some strange prayers to Beogh against you.
Beogh smites you!
* * * LOW HITPOINT WARNING * * *
You hit the orc.
You kill the orc!
The orc priest invokes the aid of Beogh against you.
Beogh smites you!
* * * LOW HITPOINT WARNING * * *
The orc priest looks satisfied for a moment.
The orc priest mumbles some strange prayers to Beogh against you.
Beogh smites you!
You die...

.#.###....................
.#.# ##....#####.##.......
.#.# #....+ ...........
.#†# #....# ##...######.
.#.######+######...#
.#................#######
...#....................#.#
.#......#.#####..###.g....#
.....#.##.......@.###.#####
.....#.#####......###.#
.....#.....'..T.......#
.........###.....######
#....###.###.........
#....###.##o..........
......o.)o..........$..
.###.###.#......#.##.## .#
#.# #.#..#......#.#


You could see Pargi and 2 orc priests.

Vanquished Creatures
  4 adders
  A worm (D:2)
  An orc (D:3)
  4 endoplasms
  3 giant cockroaches
  2 goblins
  8 hobgoblins
  4 jackals (D:1)
  8 kobolds
  4 quokkas
  3 ball pythons
  11 bats
  2 frilled lizards (D:2)
  3 rats
58 creatures vanquished.

Notes
Turn   | Place    | Note
-------+----------+-------------------------------------------
     0 | D:1      | issech the Troll Monk began the quest for the Orb.
     0 | D:1      | Reached XP level 1. HP: 22/22 MP: 0/0
    67 | D:1      | Found Wegam's Assorted Antiques.
   167 | D:1      | Reached XP level 2. HP: 28/29 MP: 1/1
   581 | D:1      | Reached XP level 3. HP: 32/36 MP: 2/2
   982 | D:2      | Found Vugis Rece's Jewellery Shoppe.
  1121 | D:2      | Reached XP level 4. HP: 41/45 MP: 3/3
  1676 | D:3      | Noticed Pargi
  2190 | D:3      | Killed from afar by an orc priest

Illustrated notes

Levels and vault maps discovered:
D:1:      dpeg_arrival_tiny_i, layout_loops_ring, serial_shops,
          nicolae_shop_competitors_out_of_business, hex_medium, glass_columns_a
D:2:      layout_loops_ring, serial_shops, shop, minmay_misc_feat_room,
          minmay_pentomino_v2
D:3:      layout_basic, uniq_pargi

Skill      XL: |  1  2  3 |
---------------+----------+-----
Maces & Flails | 3 |  3.7
Fighting       | 3 |  3.0
Dodging        | 3 |  3.1
Stealth        | |  1.1

Action                   |  1- 3 |  4- 6 || total
-------------------------+-------+-------++-------
Melee: Mace              |   167 |    40 ||   207
       Punch             |     2 |       ||     2
 Stab: Sleeping          |       |     2 ||     2
Armor: Robe              |   151 |    55 ||   206
Dodge: Dodged            |   190 |   110 ||   300

Table legend: (Time is in decaauts)
 A = Elapsed time spent in this place.
 B = Non-inter-level travel time spent in this place.
 C = Inter-level travel time spent in this place.
 D = Time resting spent in this place.
 E = Time spent auto-exploring this place.
 F = Levels seen in this place.
 G = Mean time per level.
                   A        B        C        D        E       F      G
               +--------+--------+--------+--------+--------+-----+--------+
         Total |   2241 |   2219 |     22 |      4 |    568 |   3 |  747.0 |
       Dungeon |   2241 |   2219 |     22 |      4 |    568 |   3 |  747.0 |
               +--------+--------+--------+--------+--------+-----+--------+

Top non-repeatable levels by time:
     D:1: 895 daAuts
     D:2: 841 daAuts
     D:3: 504 daAuts
